Map: Proxima Station LE

Players

GreenYughurt

  • Race: Protoss Protoss
  • Spawn Location: 7:00

A.I. 1 (Very Easy) - Winner!

  • Race: Zerg Zerg
  • Spawn Location: 1:00

VOD

Have the link to the VOD?

Description

Time

  • Played on: July 24, 2017, 11:48 a.m.
  • Length: 8:06
Show
View Real Time Build Order
Export as new Build Order

GreenYughurt Protoss 

Build Orders: Nexus First, Oracle Opening 

Get SALT Encoding   

  12  0:01  Probe (Chrono Boost)  
  13  0:11  Probe (Chrono Boost)  
  14  0:17  Pylon  
  14  0:22  Probe (Chrono Boost)  
  16  0:35  Probe (Chrono Boost)  
  16  0:46  Probe (Chrono Boost)  
  17  0:58  Nexus  
  18  1:09  Gateway  
  17  1:14  Probe (Chrono Boost)  
  17  1:18  Assimilator  
  18  1:25  Probe (Chrono Boost), Assimilator  
  19  1:35  Probe (Chrono Boost)  
  19  1:37  Pylon  
  20  1:47  Probe (Chrono Boost)  
  21  1:58  Probe (Chrono Boost)  
  21  2:01  Cybernetics Core  
  22  2:08  Probe (Chrono Boost)  
  22  2:14  Probe (Chrono Boost)  
  23  2:19  Probe (Chrono Boost)  
  24  2:24  Probe (Chrono Boost)  
  24  2:29  Probe (Chrono Boost)  
  26  2:35  Probe (Chrono Boost)  
  27  2:37  Adept (Chrono Boost), Warp Gate  
  27  2:40  Probe (Chrono Boost), Stargate  
  30  2:45  Probe (Chrono Boost)  
  31  2:51  Probe (Chrono Boost)  
  31  2:54  Probe  
  33  3:03  Adept (Chrono Boost)  
  33  3:04  Probe x2  
  37  3:15  Probe  
  37  3:16  Probe, Pylon  
  39  3:24  Oracle (Chrono Boost)  
  39  3:25  Adept (Chrono Boost)  
  44  3:31  Gateway  
  44  3:32  Gateway  
  44  3:34  Probe  
  44  3:35  Probe  
  46  3:46  Probe  
  46  3:47  Probe  
  48  3:51  Assimilator  
  48  3:53  Assimilator  
  48  3:54  Adept  
  48  3:55  Pylon  
  48  3:57  Oracle (Chrono Boost)  
  53  4:09  Probe  
  54  4:13  Probe  
  54  4:14  Pylon  
  54  4:15  Pylon  
  55  4:29  Phoenix (Chrono Boost)  
  57  4:32  Probe  
  57  4:33  Probe  
  59  4:40  Twilight Council  
  59  4:44  Probe  
  59  4:45  Probe  
  61  4:50  Adept  
  61  4:52  Adept, Nexus  
  65  4:54  Pylon  
  65  4:55  Adept  
  67  5:02  Probe x2  
  69  5:14  Probe x2  
  71  5:23  Adept x3  
  71  5:26  Probe x2  
  79  5:38  Probe x2, Pylon  
  79  5:39  Pylon  
  81  5:50  Probe x2  
  81  5:52  Adept  
  81  5:57  Pylon  
  82  5:58  Pylon  
  82  6:02  Probe x2  
  82  6:03  Probe  
  84  6:06  Adept x2  
  89  6:14  Probe  
  89  6:15  Probe  
  89  6:16  Robotics Facility  
  89  6:17  Forge  
  89  6:18  Resonating Glaives  
  91  6:21  Sentry  
  93  6:28  Pylon  
  93  6:30  Pylon  
  93  6:32  Adept x2  
  97  6:36  Probe  
  97  6:38  Probe x2  
  97  6:39  Assimilator  
  100  6:43  Assimilator  
  100  7:00  Templar Archives  
  100  7:01  Pylon  
  100  7:06  Probe  
  100  7:08  Probe x2  
  103  7:10  Sentry  
  103  7:11  Sentry x2  
  103  7:13  Nexus  
  103  7:14  Pylon  
  109  7:18  Immortal (Chrono Boost)  
  109  7:20  Probe x2  
  109  7:21  Mothership Core  
  117  7:30  Pylon  
  117  7:32  Probe x2  
  119  7:38  Templar Archives  
  120  7:44  Gateway  
  120  7:46  Gateway  
  120  7:48  Gateway  
  122  7:51  Gateway  
  123  7:58  Zealot  
  123  7:59  Zealot  
  123  8:00  Zealot  
Show
View Real Time Build Order
Export as new Build Order

A.I. 1 (Very Easy) Zerg - Winner!

Build Orders: Pool First 

Get SALT Encoding   

  12  0:01  Drone  
  13  0:12  Overlord  
  13  0:16  Drone  
  14  0:36  Spawning Pool  
  14  0:37  Extractor  
  14  0:40  Drone  
  13  0:47  Drone  
  14  0:52  Overlord  
  14  1:23  Zergling x2  
  14  1:24  Queen  
  17  1:31  Roach Warren  
  16  1:36  Drone  
  17  1:40  Extractor  
  17  1:44  Drone  
  17  1:51  Zergling x2  
  18  2:03  Drone  
  19  2:10  Drone  
  20  2:18  Drone  
  20  2:19  Zergling x2  
  22  2:29  Overlord  
  22  2:33  Drone  
  23  2:40  Drone  
  24  2:47  Roach, Drone  
  27  5:40  Drone  
  26  5:43  Zergling x2  
  26  5:47  Drone  
  21  5:55  Drone  
  11  6:02  Drone  
  12  6:09  Drone  
  12  6:11  Zergling x2  
  14  6:16  Drone  
  15  6:24  Drone  
  16  6:31  Drone  
  17  6:38  Drone  
  17  6:39  Zergling x2  
  19  6:45  Drone  
  20  6:52  Drone  
  21  6:59  Drone  
  22  7:06  Drone  
  23  7:14  Drone  
  24  7:21  Drone  
  25  7:28  Drone  
  26  7:30  Hatchery  
  26  7:35  Drone  
  26  7:42  Drone  
  26  7:43  Overlord  
  27  7:50  Drone  
Tags
 
Add a new tag
Caveats
  • Supply blocks, unpowered buildings, or Contaminate may cause inaccurate times.
  • Supply counts are checked every 10 seconds.